AoeStats
← Dantegutsh

Arena

509451192Analyzed
2v2 RM · 7d ago on Sep 26, 2026· 22m 23s· 4 players
Game mode
Random Map
Map size
Medium (4 player)
Population
200
Speed
Normal
Resources
Standard
Victory
Conquest
Starting age
Dark Age
Ending age
Imperial Age
RankedLock teamsTeams togetherTeam positionsShared explorationLock speedFull tech treeHidden civsTurbo modeCheats
Victory
Defeat
🇺🇸 Maya · United States
1468
+11
🇺🇸 Malians · United States
1366
+16
🇲🇽 Cumans · Mexico
1403
-15
🇲🇽 Britons · Mexico
1318
-12
Davicho26
7:48 Loom
9:54 Feudal Age
11:34 Fletching
16:23 Town Watch
20:55 Castle Age
Dantegutsh
7:08 Loom
9:03 Feudal Age
10:07 Double-Bit Axe
23:47 Castle Age
22:39 Bloodlines
Bandit
11:03 Feudal Age
13:25 Scale Mail Armor
14:35 Loom
16:06 Forging
21:16 Castle Age
19:39 Arson
19:49 Double-Bit Axe
19:45 Horse Collar
21:54 Eagle Warrior
22:55 Bow Saw
The_Wanker
10:36 Feudal Age
10:51 Feudal Age
10:00 Loom
10:06 Loom
14:38 Castle Age
Connection lost

Rejoining the realm…

Still unreachable

The connection could not be restored.

Session expired

The server has moved on; the page needs a fresh start.